 Dungeon Crawl Stone Soup version 0.32-a0-534-ga61f84b8bd (webtiles) character file.

Game seed: 15277462709352939541

3188 Essalna the Destroyer (level 9, -3/56 HPs)
             Began as a Gargoyle Fire Elementalist on Feb 28, 2024.
             Engulfed by a cloud of flame (29 damage)
             ... on level 8 of the Dungeon.
             The game lasted 00:16:51 (8298 turns).

Essalna the Destroyer (Gargoyle Fire Elementalist)  Turns: 8298, Time: 00:16:51

Health: -3/56      AC: 13    Str: 11    XL:     9   Next: 95%
Magic:  11/15      EV: 11    Int: 21    God:
Gold:   373        SH:  4    Dex: 10    Spells: 4/16 levels left

rFire   . . .        p - +3 short sword (heavy)
rCold   + . .        L - +0 buckler
rNeg    + . .        K - +2 robe {Will+}
rPois   ∞            n - +2 helmet
rElec   +            (no cloak)
rCorr   .            (no gloves)
SInv    .            (no boots)
Will    ++...        B - amulet of magic regeneration
Stlth   ++           b - ring of willpower
HPRegen 0.29/turn    l - ring of protection from cold
MPRegen 0.54/turn

%: no passive effects
@: no status effects
A: sickness immunity, AC +6, negative energy resistance 1, electricity
resistance, torment resistance 1, petrification resistance
a: no special abilities


You were on level 8 of the Dungeon.
You visited 2 branches of the dungeon, and saw 9 of its levels.
You also visited: Ossuary.

You collected 373 gold pieces.

Inventory:

Hand Weapons
 p - a +3 heavy short sword (weapon)
Armour
 a - a +1 robe
 i - the +0 hat "Hynlytawn" {Str+2}
   (You found it on level 2 of the Dungeon)

   Str+2:     It affects your strength (+2).
 n - a +2 helmet (worn)
 K - a +2 robe of willpower (worn)
 L - a +0 buckler (worn)
Jewellery
 b - a ring of willpower (left hand)
 k - a +6 ring of strength
 l - a ring of protection from cold (right hand)
 r - an amulet of guardian spirit
 B - an amulet of magic regeneration (around neck)
 C - an amulet of faith
 D - a ring of resist corrosion
 J - an amulet of regeneration
 N - an amulet of the acrobat
 P - a +6 ring of dexterity
Wands
 j - a wand of mindburst (7)
 q - a wand of iceblast (10)
Scrolls
 e - 7 scrolls of identify
 f - 2 scrolls of revelation {unknown}
 g - 2 scrolls of teleportation
 m - a scroll of enchant weapon
 t - a scroll of immolation
 u - a scroll of fog {unknown}
 v - a scroll of noise {unknown}
 y - a scroll of blinking
 z - a scroll of amnesia {unknown}
 F - a scroll of torment {unknown}
 G - a scroll of poison
Potions
 c - a potion of mutation {unknown}
 d - 6 potions of enlightenment
 h - a potion of resistance {unknown}
 o - 6 potions of curing
 s - a potion of degeneration {unknown}
 w - a potion of heal wounds {unknown}
 x - a potion of ambrosia {unknown}
 A - a potion of magic
 E - 2 potions of brilliance {unknown}
 H - a potion of haste {unknown}
 I - a potion of cancellation {unknown}
 M - a potion of might {unknown}
 O - a potion of attraction {unknown}


   Skills:
 + Level 6.5 Fighting
 + Level 1.6 Armour
 + Level 2.1 Dodging
 - Level 2.1 Stealth
 + Level 1.6 Shields
 - Level 4.0 Spellcasting
 + Level 8.6 Conjurations
 + Level 8.3 Fire Magic
 + Level 1.8 Earth Magic


You had 4 spell levels left.
You knew the following spells:

 Your Spells              Type           Power      Damage    Failure   Level
a - Foxfire               Conj/Fire      100%       2x1d9     1%          1
b - Scorch                Fire           78%        2d8       1%          2
c - Flame Wave            Conj/Fire      39%        2d11      5%          4
d - Lee's Rapid Deconstr  Erth           5%         3d6*      93%         5

Your spell library contained the following spells:

 Spells                   Type           Power      Damage    Failure   Level
 Dazzling Flash           Conj/Hex       44%        N/A       9%          3
 Hailstorm                Conj/Ice       22%        3d7       9%          3
 Inner Flame              Hex/Fire       21%        N/A       10%         3
 Volatile Blastmotes      Fire/Tloc      42%        2d13      10%         3
 Mephitic Cloud           Conj/Alch/Air  16%        N/A       16%         3
 Freeze                   Ice            16%        1d4       17%         1
 Frozen Ramparts          Ice            8%         1d2       45%         3
 Animate Armour           Summ/Erth      16%        N/A       77%         4
 Summon Lightning Spire   Summ/Air       4%         N/A       86%         4
 Curse of Agony           Necr           4%         N/A       99%         5
 Silence                  Hex/Air        2%         N/A       99%         5


Dungeon Overview and Level Annotations

Branches:
Dungeon (8/15)             Temple (1/1) D:4         Ossuary (visited)
   Lair: D:8-11

Altars:
Ashenzari
Cheibriados
Dithmenos
Elyvilon
Fedhas
Gozag
Hepliaklqana
Kikubaaqudgha
Nemelex Xobeh
Okawaru
Qazlal
Ru
Sif Muna
Trog
Uskayaw
Wu Jian
Xom
Yredelemnul
Zin
The Shining One

Shops:
D:2 [   D:7 **


Innate Abilities, Weirdness & Mutations

You are immune to sickness and miasma.
Your stone body is resilient. (AC +6)
You are immune to poison.
You resist negative energy. (rN+)
You are resistant to electric shocks. (rElec)
You are resistant to unholy torment.
You are immune to petrification.


Message History

You block the killer bee's attack.
Casting: Foxfire (safe; 1% risk of failure)
Confirm with . or Enter, or press ? or * to list all spells.
Casting: Flame Wave (dangerous; 5% risk of failure)
Press: ? - help, Dir - look around, f - activate A wave of flame ripples out!
The tree burns like a torch!
The flame wave engulfs the killer bee!
You kill the killer bee!
The flame wave engulfs the killer bee!
The killer bee is almost dead. (Press . to intensify the flame waves.)
You hear an angry buzzing noise.
You hear an angry hiss.
The killer bee stings you.
A killer bee comes into view.
The killer bee stings you but does no damage.
A wave of flame ripples out!
The flame wave engulfs the killer bee!
You kill the killer bee!
The flame wave engulfs the killer bee!
The killer bee is heavily wounded.
You hear a shout!
A wave of flame ripples out!
The flame wave engulfs the killer bee!
You kill the killer bee!
The flame wave engulfs the killer bee!
The killer bee is almost dead.
The tree burns like a torch!
You finish channelling waves of flame.
You are engulfed in blazing flames.
You hear a shout! x7
The killer bee stings you.
You barely miss the killer bee.
The killer bee is almost dead.
You are engulfed in blazing flames.
The killer bee stings you but does no damage.
The killer bee closely misses you.
A steam dragon comes into view.
The killer bee stings you but does no damage.
You puncture the killer bee!
You kill the killer bee!
You are engulfed in blazing flames.
Ouch! That really hurt!
You die...

#..# #. # #.)# .. #. ##
#. #.)####### . ..
...#.##.†....... #.#.
................
####.#.#####.........##.
...§§...# ####.####.##.
#.♣§§§#†# #.# #.##.
...§§§§@# #.# #.##.
♣.♣.§§§§#######.# #.##.
...§§§§§........# #..#.
♣.♣§§§§.######### #....
...§§§..# #..##
#.♣.♣.#.# ........#
.###...D# ###..#


You could see a steam dragon.

Vanquished Creatures
  Grinder (D:3)
  A water moccasin (D:8)
  A black bear (D:7)
  2 sky beasts (D:6)
  A phantom (D:6)
  A kobold brigand (D:7)
  A weeping skull (Ossuary)
  A gnoll sergeant (D:8)
  A bullfrog (D:4)
  3 scorpions
  Blork the orc (D:5)
  7 water moccasin zombies (Ossuary)
  9 killer bees (D:8)
  A bombardier beetle (D:6)
  2 jellies
  6 hounds
  6 orc priests
  A sleepcap (D:6)
  A spectral scorpion (Ossuary)
  4 iguanas
  Ijyb (D:3)
  7 orc wizards
  Natasha (thrice) (D:3)
  2 crocodile zombies (Ossuary)
  2 mummies (Ossuary)
  Robin (D:2)
  10 gnolls
  7 adders
  A shadow imp (D:7)
  2 ufetubi (D:6)
  2 adder zombies (Ossuary)
  3 ribbon worms (D:5)
  A dart slug (D:3)
  22 orcs
  6 bats
  3 endoplasms
  2 giant cockroaches
  7 gnoll zombies (Ossuary)
  13 hobgoblins
  3 jackals (D:4)
  10 kobolds
  5 quokkas
  4 ball pythons
  4 frilled lizards
  21 goblins
  4 jackal zombies (Ossuary)
  2 orc zombies (Ossuary)
  4 rats
203 creatures vanquished.

Vanquished Creatures (others)
  859 foxfires
859 creatures vanquished.

Grand Total: 1062 creatures vanquished

Notes
Turn   | Place    | Note
-------+----------+-------------------------------------------
     0 | D:1      | Essalna the Gargoyle Fire Elementalist began the quest for
                  | the Orb.
     0 | D:1      | Reached XP level 1. HP: 10/10 MP: 3/3
   278 | D:1      | Reached XP level 2. HP: 15/15 MP: 0/5
  1180 | D:2      | Identified the +0 hat "Hynlytawn" {Str+2}
  1217 | D:2      | Reached XP level 3. HP: 19/19 MP: 0/6
  1707 | D:2      | Found Ydwaqet's Armour Boutique.
  1866 | D:2      | Noticed Robin
  1917 | D:2      | Killed Robin
  1918 | D:2      | Reached XP level 4. HP: 20/24 MP: 0/8
  2364 | D:3      | Noticed Ijyb
  2373 | D:3      | Killed Ijyb
  2715 | D:3      | Noticed Natasha
  2716 | D:3      | Reached XP level 5. HP: 28/28 MP: 3/9
  2720 | D:3      | Killed Natasha
  2838 | D:3      | Noticed Natasha
  2842 | D:3      | Killed Natasha
  2891 | D:3      | Noticed Natasha
  2913 | D:3      | HP: 1/28 [gnoll/+0 halberd (8)]
  2914 | D:3      | Killed Natasha
  2923 | D:3      | Reached XP level 6. HP: 5/32 MP: 5/11
  3179 | D:3      | Found a blossoming altar of Fedhas.
  3225 | D:3      | Found a stormy altar of Qazlal.
  3687 | D:3      | Noticed Grinder
  3698 | D:3      | Killed Grinder
  3699 | D:3      | Reached skill level 5 in Fire Magic
  3699 | D:3      | Reached XP level 7. HP: 22/36 MP: 2/13
  3945 | D:4      | Found a staircase to the Ecumenical Temple.
  3954 | Temple   | Entered the Ecumenical Temple
  4096 | D:4      | Found a bloodstained altar of Trog.
  4110 | D:4      | Found a broken altar of Ashenzari.
  4112 | D:4      | Found a hide-covered altar of Uskayaw.
  4112 | D:4      | Found a glowing silver altar of Zin.
  4118 | D:4      | Found a sand-covered staircase.
  4127 | Ossuary  | Entered an ossuary
  4292 | Ossuary  | Reached skill level 5 in Conjurations
  4636 | Ossuary  | Reached skill level 1 in Fighting
  4647 | Ossuary  | Reached XP level 8. HP: 30/44 MP: 7/14
  4786 | Ossuary  | Learned a level 2 spell: Scorch
  5595 | D:4      | Learned a level 4 spell: Flame Wave
  5964 | D:5      | Entered Level 5 of the Dungeon
  6130 | D:5      | Found a sparkling altar of Nemelex Xobeh.
  6224 | D:5      | Noticed Blork the orc
  6234 | D:5      | Killed Blork the orc
  6290 | D:5      | Found a white marble altar of Elyvilon.
  6885 | D:6      | Reached XP level 9. HP: 49/52 MP: 12/15
  7019 | D:6      | Reached skill level 5 in Fighting
  7269 | D:6      | Found an ancient bone altar of Kikubaaqudgha.
  7579 | D:7      | Found Sutiamya's General Store.
  7581 | D:7      | Found Omujocoj's Specific Store.
  7665 | D:7      | Found a shimmering altar of Xom.
  7788 | D:7      | Learned a level 5 spell: Lee's Rapid Deconstruction
  7957 | D:7      | Found a sacrificial altar of Ru.
  8193 | D:8      | Reached skill level 1 in Earth Magic
  8196 | D:8      | Reached skill level 1 in Armour
  8196 | D:8      | Reached skill level 1 in Shields
  8281 | D:8      | Found an iron altar of Okawaru.
  8298 | D:8      | Engulfed by a cloud of flame

Illustrated notes

Levels and vault maps discovered:
D:1:      dpeg_arrival_rooms_b, layout_basic
D:2:      layout_basic, serial_shops, nicolae_shop_getting_attention, uniq_robin
D:3:      layout_basic, grunt_temple_overflow_forces_of_nature,
          mrwooster_statue_mirror, kennysheep_generic_room_14, uniq_grinder,
          uniq_ijyb, uniq_natasha
D:4:      minmay_skewed_foursquare, layout_loops_corners, lemuel_crystal_altar,
          chequers_temple_overflow_statue_of_worship,
          minmay_temple_entry_drinking_statues,
          mainiacjoe_ossuary_entry_dusty_tomb
D:5:      layout_basic, elyvilon_altar_3, old_standard_altar, uniq_blork_the_orc
D:6:      layout_loops_ring, kennysheep_mini
D:7:      layout_rooms, overflow_temple_1_default, lemuel_tele_altar,
          nicolae_specific_store, nicolae_nh_ransacked_shop
D:8:      layout_loops_ring, vehumet_statue, bloody_makhleb, okawaru_trees_1,
          uniq_erica, uniq_jeremiah, uniq_grum
Temple:   hellmonk_temple_rainy

Skill      XL: |  1  2  3  4  5  6  7  8  9 |
---------------+----------------------------+-----
Conjurations   | 2 3 4 5 7 8 |  8.6
Spellcasting   | 3 4 |  4.0
Fire Magic     | 4 5 6 7 8 |  8.3
Fighting       | 1 4 6 |  6.5
Earth Magic    | 1 |  1.8
Armour         | 1 |  1.6
Shields        | 1 |  1.6
Dodging        | 2 |  2.1
Stealth        | |  2.1

Action                     |  1- 3 |  4- 6 |  7- 9 || total
---------------------------+-------+-------+-------++-------
  Melee: Unarmed           |    28 |     1 |       ||    29
         Short sword       |       |     1 |    60 ||    61
   Cast: Foxfire           |    74 |   119 |   337 ||   530
         Scorch            |       |       |    41 ||    41
         Flame Wave        |       |       |     3 ||     3
  Evoke: Wand              |       |     1 |       ||     1
    Use: Potion            |       |     2 |       ||     2
         Scroll            |       |     1 |     7 ||     8
   Stab: Sleeping          |       |       |     2 ||     2
 Armour: Robe              |    17 |    18 |    99 ||   134
  Dodge: Dodged            |    24 |    23 |    79 ||   126
  Block: Buckler           |       |       |     4 ||     4

Table legend: (Time is in decaauts)
 A = Elapsed time spent in this place.
 B = Non-inter-level travel time spent in this place.
 C = Inter-level travel time spent in this place.
 D = Time resting spent in this place.
 E = Time spent auto-exploring this place.
 F = Levels seen in this place.
 G = Mean time per level.
                   A        B        C        D        E       F      G
               +--------+--------+--------+--------+--------+-----+--------+
         Total |   8336 |   8068 |    268 |      0 |   6801 |  10 |  833.6 |
       Dungeon |   7560 |   7292 |    268 |      0 |   6205 |   8 |  945.0 |
        Temple |      1 |      1 |      0 |      0 |      0 |   1 |    1.0 |
       Ossuary |    774 |    774 |      0 |      0 |    596 |   1 |  774.0 |
               +--------+--------+--------+--------+--------+-----+--------+

Top non-repeatable levels by time:
     D:3: 1608 daAuts
     D:2: 1325 daAuts
     D:4: 1278 daAuts
     D:1: 1009 daAuts
     D:5: 812 daAuts
 Ossuary: 774 daAuts
     D:6: 739 daAuts
     D:7: 641 daAuts
     D:8: 145 daAuts
  Temple: 1 daAuts
